[Event "DMP-III LIGA Senior PK 2020"]
[Site "Bystre"]
[Date "2020.07.12"]
[Round "9.4"]
[White "Korys, Dawid"]
[Black "Mikula, Michal"]
[Result "0-1"]
[ECO "E67"]
[WhiteElo "1343"]
[BlackElo "1858"]
[Annotator "NA"]
[PlyCount "68"]
[EventDate "2020.07.05"]
[EventType "team-tourn"]
[EventCountry "POL"]
[SourceTitle "playchess.com"]
[Source "ChessBase"]
[SourceQuality "1"]
[TimeControl "5400+30"]

1. d4 Nf6 2. c4 g6 3. Nf3 Bg7 4. Nc3 O-O 5. g3 d6 6. Bg2 Nbd7 7. O-O c5 8. e4 cxd4 9. Nxd4 Nc5 10. Nb3 Nxb3 11. Qxb3 Nd7 12. Be3 Ne5 13. Bd4 Nf3+ 14. Bxf3 Bxd4 15. Rad1 Bg7 16. Qc2 Bh3 17. Bg2 Bg4 18. Rd3 Rc8 19. Nd5 b5 20. Ne3 bxc4 21. Nxc4 Rc5 22. b3 f5 23. Qd2 Qc8 24. Rd5 f4 25. f3 Be6 26. Rxc5 Qxc5+ 27. Kh1 fxg3 28. hxg3 Bd4 29. Qa5 Qxa5 30. Nxa5 Rc8 31. Rd1 Bf2 32. g4 Rc2 33. a4 h5 34. gxh5 Rc5 0-1

[Event "DMP-III LIGA Senior PK 2020"]
[Site "Bystre"]
[Date "2020.07.12"]
[Round "9.5"]
[White "Sygulski, Piotr"]
[Black "Medrygal, Rafal"]
[Result "0-1"]
[ECO "C64"]
[WhiteElo "1652"]
[BlackElo "1258"]
[Annotator "NA"]
[PlyCount "65"]
[EventDate "2020.07.05"]
[EventType "team-tourn"]
[EventCountry "POL"]
[SourceTitle "playchess.com"]
[Source "ChessBase"]
[SourceQuality "1"]
[TimeControl "5400+30"]

1. e4 e5 2. Nf3 Nc6 3. Bb5 Bc5 4. O-O d6 5. d4 exd4 6. Nxd4 Bd7 7. Nxc6 Bxc6 8. Bxc6+ bxc6 9. Nc3 Ne7 10. Na4 Bb6 11. Nxb6 axb6 12. b3 Ng6 13. Bb2 Rg8 14. Re1 Qg5 15. e5 O-O-O 16. Qf3 Kb7 17. Bc1 Qe7 18. Bb2 dxe5 19. a4 Ra8 20. c4 f6 21. Rec1 Rgd8 22. c5 e4 23. Qc3 Rd3 24. Qc4 Qxc5 25. Qf7 Qe7 26. Qc4 Qd6 27. Qxe4 Rxb3 28. Qc2 Rd3 29. Bc3 Nf4 30. Bb4 c5 31. Be1 Qd5 32. f3 Re8 33. Qa2 0-1

[Event "DMP-III LIGA Senior PK 2020"]
[Site "Bystre"]
[Date "2020.07.12"]
[Round "9.6"]
[White "Trybowska, Anna"]
[Black "Zgoda, Aleksandra"]
[Result "1/2-1/2"]
[ECO "B22"]
[WhiteElo "1583"]
[BlackElo "1203"]
[Annotator "NA RC"]
[PlyCount "100"]
[EventDate "2020.07.05"]
[EventType "team-tourn"]
[EventCountry "POL"]
[SourceTitle "playchess.com"]
[Source "ChessBase"]
[SourceQuality "1"]
[TimeControl "5400+30"]

1. e4 c5 2. c3 e6 3. d4 cxd4 4. cxd4 Nf6 5. Nc3 d6 6. Bg5 Be7 7. Rc1 Nc6 8. d5 Ne5 9. Nb5 O-O 10. Bxf6 Bxf6 11. dxe6 Bxe6 12. a3 d5 13. Nc7 Rc8 14. Nxe6 Rxc1 15. Qxc1 fxe6 16. f4 Nc6 17. e5 Be7 18. Nf3 Qb6 19. Qd2 Bc5 20. g3 Nd4 21. Nxd4 Bxd4 22. Bh3 Bxb2 23. Bxe6+ Kh8 24. Ke2 Rd8 25. Rb1 Qxe6 26. Rxb2 b6 27. Rc2 Qd7 28. Qd3 a5 29. Rb2 Qc6 30. Qb5 Qxb5+ 31. Rxb5 Rb8 32. Rxd5 g6 33. Kd3 b5 34. Kc3 h5 35. Kb3 Rb7 36. a4 bxa4+ 37. Kxa4 Rb2 38. Kxa5 Rxh2 39. Kb6 Re2 40. Kc6 Kg7 41. Kd7 Kf7 42. Rd6 Re3 43. Rf6+ Kg7 44. Ke6 Rxg3 45. Rf7+ Kg8 46. Ke7 h4 47. f5 gxf5 48. Rxf5 h3 49. Rh5 Rg7+ 50. Kf6 Rh7 1/2-1/2

[Event "DMP-III LIGA Senior PK 2020"]
[Site "Bystre"]
[Date "2020.07.12"]
[Round "9.9"]
[White "Babiarz, Arkadiusz"]
[Black "Futyma, Dawid"]
[Result "1-0"]
[ECO "C54"]
[WhiteElo "1840"]
[BlackElo "1278"]
[Annotator "NA RC"]
[PlyCount "26"]
[EventDate "2020.07.05"]
[EventType "team-tourn"]
[EventCountry "POL"]
[SourceTitle "playchess.com"]
[Source "ChessBase"]
[SourceQuality "1"]
[TimeControl "5400+30"]

1. e4 e5 2. Nf3 Nc6 3. Bc4 Bc5 4. c3 Nf6 5. d4 exd4 6. e5 Qe7 7. O-O Ng4 8. cxd4 Bb4 9. h3 Nh6 10. a3 Ba5 11. b4 Bb6 12. d5 Nd8 13. Nc3 Qf8 1-0

[Event "DMP-III LIGA Senior PK 2020"]
[Site "Bystre"]
[Date "2020.07.12"]
[Round "9.10"]
[White "Szaro, Mariusz"]
[Black "Ziemniak, Piotr"]
[Result "1/2-1/2"]
[ECO "A41"]
[WhiteElo "1559"]
[BlackElo "1791"]
[Annotator "NA RC"]
[PlyCount "25"]
[EventDate "2020.07.05"]
[EventType "team-tourn"]
[EventCountry "POL"]
[SourceTitle "playchess.com"]
[Source "ChessBase"]
[SourceQuality "1"]
[TimeControl "5400+30"]

1. d4 d6 2. Bf4 Nf6 3. e3 g6 4. h4 Bg7 5. h5 Bg4 6. f3 Bd7 7. hxg6 hxg6 8. Rxh8+ Bxh8 9. Nc3 Nc6 10. Bc4 a6 11. Nge2 e6 12. Bg5 d5 13. Bb3 1/2-1/2

[Event "DMP-III LIGA Senior PK 2020"]
[Site "Bystre"]
[Date "2020.07.12"]
[Round "9.11"]
[White "Wozniak, Grzegorz"]
[Black "Dziura, Wiktor"]
[Result "1/2-1/2"]
[ECO "B06"]
[WhiteElo "1608"]
[BlackElo "1353"]
[Annotator "NA"]
[PlyCount "61"]
[EventDate "2020.07.05"]
[EventType "team-tourn"]
[EventCountry "POL"]
[SourceTitle "playchess.com"]
[Source "ChessBase"]
[SourceQuality "1"]
[TimeControl "5400+30"]

1. e4 g6 2. d4 Bg7 3. Nc3 c5 4. Nf3 cxd4 5. Nxd4 Nc6 6. Be3 Nf6 7. Nxc6 bxc6 8. e5 Ng8 9. f4 e6 10. Qd2 Ne7 11. Bd3 d5 12. O-O-O O-O 13. Qf2 Qa5 14. Bc5 Re8 15. a3 Ba6 16. g4 Bh6 17. g5 Bg7 18. Bb4 Qb6 19. Qxb6 axb6 20. Bxa6 Rxa6 21. Bxe7 Rxe7 22. h4 h5 23. Rd4 Rb7 24. Ra4 Rba7 25. Rxa6 Rxa6 26. Rd1 Bf8 27. Ne2 Ra4 28. Rd4 Rxd4 29. Nxd4 Bc5 30. c3 Bxd4 31. cxd4 1/2-1/2

[Event "DMP-III LIGA Senior PK 2020"]
[Site "Bystre"]
[Date "2020.07.12"]
[Round "9.12"]
[White "Kruczek, Aleksandra"]
[Black "Polak, Sylwia"]
[Result "0-1"]
[ECO "D02"]
[WhiteElo "1038"]
[BlackElo "1614"]
[Annotator "NA"]
[PlyCount "76"]
[EventDate "2020.07.05"]
[EventType "team-tourn"]
[EventCountry "POL"]
[SourceTitle "playchess.com"]
[Source "ChessBase"]
[SourceQuality "1"]
[TimeControl "5400+30"]

1. d4 d5 2. Bf4 Nf6 3. Nf3 e6 4. Nbd2 c5 5. e3 Nc6 6. c4 cxd4 7. exd4 dxc4 8. Nxc4 Bb4+ 9. Bd2 Bxd2+ 10. Qxd2 O-O 11. Bd3 Nd5 12. a3 Qf6 13. Be4 Rd8 14. O-O Nf4 15. Rfd1 Nxd4 16. Nxd4 Rxd4 17. Qa5 g6 18. Nb6 Qd8 19. Bf3 Rxd1+ 20. Rxd1 Qxb6 21. Qxb6 axb6 22. Rd4 Nd5 23. h3 Ra5 24. g4 Bd7 25. Rd3 Bc6 26. b4 Ra8 27. h4 Nf4 28. Rc3 Bxf3 29. Rxf3 Nd5 30. Rg3 b5 31. h5 Nb6 32. h6 Kf8 33. f4 Nc4 34. f5 exf5 35. gxf5 Rxa3 36. Rg5 Rh3 37. f6 Rh5 38. Rxh5 gxh5 0-1

[Event "DMP-III LIGA Senior PK 2020"]
[Site "Bystre"]
[Date "2020.07.12"]
[Round "9.15"]
[White "Biesiadecki, Adam"]
[Black "Wojciechowski, Beniamin"]
[Result "1/2-1/2"]
[ECO "D11"]
[WhiteElo "1539"]
[BlackElo "1835"]
[Annotator "NA RC"]
[PlyCount "28"]
[EventDate "2020.07.05"]
[EventType "team-tourn"]
[EventCountry "POL"]
[SourceTitle "playchess.com"]
[Source "ChessBase"]
[SourceQuality "1"]
[TimeControl "5400+30"]

1. d4 d5 2. c4 c6 3. Nf3 Nf6 4. g3 Bf5 5. Bg2 e6 6. O-O Nbd7 7. Nbd2 Be7 8. b3 h6 9. Bb2 O-O 10. Re1 Ne4 11. Ne5 Nxd2 12. Qxd2 Nxe5 13. dxe5 dxc4 14. Qxd8 Rfxd8 1/2-1/2

[Event "DMP-III LIGA Senior PK 2020"]
[Site "Bystre"]
[Date "2020.07.12"]
[Round "9.19"]
[White "Lach, Dariusz"]
[Black "Marut, Leszek"]
[Result "1/2-1/2"]
[ECO "D02"]
[WhiteElo "1748"]
[BlackElo "1863"]
[Annotator "NA"]
[PlyCount "72"]
[EventDate "2020.07.05"]
[EventType "team-tourn"]
[EventCountry "POL"]
[SourceTitle "playchess.com"]
[Source "ChessBase"]
[SourceQuality "1"]
[TimeControl "5400+30"]

1. d4 d5 2. Nf3 e6 3. e3 Bd6 4. Bd3 Nd7 5. b3 f5 6. Bb2 Ngf6 7. Nbd2 c6 8. h3 O-O 9. O-O Ne4 10. a4 Qf6 11. Ba3 Bxa3 12. Rxa3 e5 13. Nxe5 Nxe5 14. dxe5 Qxe5 15. Nf3 Qe7 16. Ra1 $11 Be6 17. Nd4 Rad8 18. Nxe6 Qxe6 19. Bxe4 fxe4 20. Qd4 b6 21. b4 Qd6 22. c3 c5 23. Qd2 d4 24. bxc5 bxc5 25. cxd4 cxd4 26. exd4 Qxd4 27. Qxd4 Rxd4 28. Ra2 Rfd8 29. Re1 Kf7 30. a5 a6 31. Rb2 Rd1 32. Kf1 Rxe1+ 33. Kxe1 Rd5 34. Rb7+ Kf8 35. Rb8+ Kf7 36. Rb7+ Kf8 1/2-1/2

[Event "DMP-III LIGA Senior PK 2020"]
[Site "Bystre"]
[Date "2020.07.12"]
[Round "9.20"]
[White "Dobrzanski, Krzysztof"]
[Black "Lach, Ireneusz"]
[Result "1/2-1/2"]
[ECO "A46"]
[WhiteElo "1722"]
[BlackElo "1897"]
[Annotator "NA RC"]
[PlyCount "111"]
[EventDate "2020.07.05"]
[EventType "team-tourn"]
[EventCountry "POL"]
[SourceTitle "playchess.com"]
[Source "ChessBase"]
[SourceQuality "1"]
[TimeControl "5400+30"]

1. d4 Nf6 2. Nf3 d6 3. c4 Nbd7 4. Nc3 e5 5. Bg5 Be7 6. e3 c6 7. Be2 Qc7 8. h3 O-O 9. O-O Re8 10. Rc1 Nf8 {[%emt 0:11:22] [#] A54: Old Indian Defence with Nf3, but without e4.} 11. b4 $146 ({Predecessor:} 11. Bxf6 Bxf6 12. Ne4 Be7 13. d5 c5 14. Qd2 f5 15. Nc3 e4 16. Nh2 Bf6 17. f4 exf3 18. Nxf3 {0-1 (48) De Souza Neto,H (1869)-Macedo,M (2036) Recife 2017}) 11... Ng6 12. d5 Qd8 13. Qb3 Bd7 14. Rfd1 Qb8 15. Bxf6 gxf6 16. Rd2 Rc8 17. Rcd1 c5 18. bxc5 Rxc5 19. Ne4 Rc8 20. Rb2 b6 21. a4 Qc7 22. Nfd2 f5 23. Ng3 Kh8 24. Qc2 f4 25. Nf5 fxe3 26. Nxe7 exf2+ 27. Kxf2 Nxe7 28. Ne4 f5 29. Nf6 Rf8 $17 30. Nxd7 Qxd7 31. Kg1 Ng6 32. Bf1 Rg8 33. a5 Rab8 34. Rdb1 Nf4 35. Kh2 Qg7 36. Qf2 Rbf8 37. axb6 axb6 38. Rxb6 Rf6 39. R1b2 Rg6 40. c5 dxc5 41. Rxg6 Qxg6 42. Qxc5 Qg3+ 43. Kh1 Qe1 44. Qb5 Nh5 45. Kh2 Ng3 46. Rb1 Nxf1+ 47. Qxf1 Qxf1 48. Rxf1 Rf8 49. Re1 Re8 50. d6 e4 51. Kg3 Kg7 52. Kf4 Kf6 53. d7 Rd8 54. g4 fxg4 55. hxg4 Rxd7 56. Rxe4 1/2-1/2

[Event "DMP-III LIGA Senior PK 2020"]
[Site "Bystre"]
[Date "2020.07.12"]
[Round "9.21"]
[White "Janzer, Hubert"]
[Black "Palacki, Rafal"]
[Result "1-0"]
[ECO "A45"]
[WhiteElo "1893"]
[BlackElo "1755"]
[Annotator "NA RC"]
[PlyCount "137"]
[EventDate "2020.07.05"]
[EventType "team-tourn"]
[EventCountry "POL"]
[SourceTitle "playchess.com"]
[Source "ChessBase"]
[SourceQuality "1"]
[TimeControl "5400+30"]

1. d4 Nf6 2. Bf4 e6 3. e3 c5 4. c3 b6 5. Nd2 Bb7 6. Ngf3 Be7 7. Bd3 Nc6 8. O-O Nh5 9. Bg3 Nxg3 10. fxg3 d5 11. Qa4 O-O 12. e4 cxd4 13. cxd4 Nb4 14. Bb1 Rc8 15. a3 $17 dxe4 16. Bxe4 Bc6 17. Bxc6 Nxc6 18. Nb3 Qd5 19. Rac1 b5 20. Qa6 Bf6 21. Rc3 Rc7 22. Rfc1 Nb8 23. Qa5 Rd7 24. a4 a6 25. axb5 axb5 26. Qa3 Rfd8 27. Rc5 Qb7 28. Qa5 Rd5 29. Rc7 Qa6 30. Qc3 Qd6 31. Rc8 h6 32. Qc7 Qb4 33. Rc3 Rxc8 34. Qxc8+ Rd8 35. Qc7 Nd7 36. h3 Nf8 37. Ne5 Rxd4 38. Qxf7+ Kh7 39. Nxd4 Qxd4+ 40. Kh2 Qd6 41. Rf3 Bxe5 42. Qxf8 Bxg3+ 43. Kh1 Qd1+ 44. Rf1 Qd4 45. Qa3 Bd6 46. Qb3 Qe5 47. Qc2+ Kg8 48. g4 Qg3 49. Qg2 Qe5 50. b3 Qe3 51. Qf3 Qe5 52. Rf2 Qa1+ 53. Kg2 Qe5 54. Re2 Qd5 55. Qxd5 exd5 56. Rd2 Be7 57. Rxd5 b4 58. Rf5 Bh4 59. Kf3 g6 60. Rb5 Be1 61. Rb7 Bc3 62. Ke4 h5 63. gxh5 gxh5 64. Kf5 h4 65. Kg4 Be1 66. Re7 Bc3 67. Re4 Kf7 68. Kxh4 Kf6 69. Kg4 1-0

[Event "DMP-III LIGA Senior PK 2020"]
[Site "Bystre"]
[Date "2020.07.12"]
[Round "9.22"]
[White "Zajac, Karol"]
[Black "Lach, Tomasz"]
[Result "1/2-1/2"]
[ECO "A06"]
[WhiteElo "1652"]
[BlackElo "1833"]
[Annotator "NA RC"]
[PlyCount "96"]
[EventDate "2020.07.05"]
[EventType "team-tourn"]
[EventCountry "POL"]
[SourceTitle "playchess.com"]
[Source "ChessBase"]
[SourceQuality "1"]
[TimeControl "5400+30"]

1. Nf3 d5 2. c4 c6 3. e3 Nf6 4. Be2 a6 5. O-O Bg4 6. b3 e6 7. Bb2 Nbd7 8. d3 Bc5 9. Nbd2 h6 10. Nd4 Bxe2 11. Qxe2 O-O 12. Rfd1 Re8 13. Rac1 Rc8 14. Nf1 Qe7 15. cxd5 cxd5 16. Ng3 Red8 $11 17. Nf3 Ba3 18. Rc3 Rxc3 19. Bxc3 Rc8 20. Bb2 Bxb2 21. Qxb2 Qc5 22. h3 Qc2 23. Qxc2 Rxc2 24. Rd2 Rc1+ 25. Kh2 Kf8 26. Ne2 Rc8 27. Ned4 Ke7 28. g4 Ne8 29. Ne1 Nd6 30. Rc2 Rxc2 31. Ndxc2 Nb5 32. d4 Nc3 33. a4 Kd6 34. Kg2 Ne4 35. f3 Nd2 36. Na1 Kc6 37. Kf2 b5 38. Ke2 Nb1 39. axb5+ Kxb5 40. Kd3 Na3 41. Kc3 Kb6 42. Nac2 Nb5+ 43. Kd2 Nd6 44. Nd3 a5 45. Kc3 Nb5+ 46. Kd2 Nd6 47. Kc3 Nb5+ 48. Kd2 Nd6 1/2-1/2

[Event "DMP-III LIGA Senior PK 2020"]
[Site "Bystre"]
[Date "2020.07.12"]
[Round "9.23"]
[White "Lach, Mateusz"]
[Black "Materniak, Aleksander"]
[Result "0-1"]
[ECO "E61"]
[WhiteElo "1674"]
[BlackElo "1660"]
[Annotator "NA RC"]
[PlyCount "96"]
[EventDate "2020.07.05"]
[EventType "team-tourn"]
[EventCountry "POL"]
[SourceTitle "playchess.com"]
[Source "ChessBase"]
[SourceQuality "1"]
[TimeControl "5400+30"]

1. d4 Nf6 2. c4 g6 3. Nc3 Bg7 4. e3 O-O 5. Nf3 d6 6. Be2 Bf5 7. O-O a5 8. a3 Na6 9. Bd3 Bxd3 10. Qxd3 Nd7 11. b3 e5 12. Bb2 f5 13. dxe5 dxe5 14. Qd5+ Kh8 15. Na4 c6 16. Qd6 Ndc5 17. Qxd8 Raxd8 18. Nxc5 Nxc5 19. b4 Nd3 20. Bc3 axb4 21. axb4 Ra8 22. Ng5 Rfe8 23. Nf7+ Kg8 24. Nd6 Reb8 25. e4 Nf4 26. Kh1 Ne2 27. Bb2 Nd4 28. Bxd4 exd4 29. exf5 Bf8 30. Ne4 gxf5 31. Nf6+ Kf7 32. Nd7 Rd8 33. Ne5+ Kf6 34. Nd3 Re8 35. g3 Rxa1 36. Rxa1 Re2 37. c5 Rd2 38. Ra3 Bh6 39. Kg2 Ke6 40. Ne1 Be3 41. Nd3 Kd5 42. Ra7 Ke4 43. Nf4 Rxf2+ 44. Kh3 Bxf4 45. gxf4 d3 46. Rxb7 d2 47. Rd7 Rf3+ 48. Kg2 Rd3 0-1

[Event "DMP-III LIGA Senior PK 2020"]
[Site "Bystre"]
[Date "2020.07.12"]
[Round "9.24"]
[White "Tarsa, Joanna"]
[Black "Wladyka, Angelika"]
[Result "1/2-1/2"]
[ECO "B01"]
[WhiteElo "1574"]
[BlackElo "1601"]
[Annotator "NA"]
[PlyCount "37"]
[EventDate "2020.07.05"]
[EventType "team-tourn"]
[EventCountry "POL"]
[SourceTitle "playchess.com"]
[Source "ChessBase"]
[SourceQuality "1"]
[TimeControl "5400+30"]

1. e4 d5 2. exd5 Qxd5 3. d4 c6 4. Nc3 Qd6 5. Nf3 Bg4 6. Be2 Nf6 7. O-O e6 8. Be3 Be7 9. Qd2 Qc7 10. Bf4 Bd6 11. Bxd6 Qxd6 12. h3 Bxf3 13. Bxf3 Nbd7 14. Rad1 O-O 15. Ne4 Nxe4 16. Bxe4 Nf6 17. Bf3 Rad8 18. c3 Rfe8 19. Qc2 1/2-1/2

[Event "DMP-III LIGA Senior PK 2020"]
[Site "Bystre"]
[Date "2020.07.12"]
[Round "9.26"]
[White "Marciniak, Leonard"]
[Black "Mazurkiewicz, Andrzej"]
[Result "1/2-1/2"]
[ECO "B01"]
[WhiteElo "1672"]
[BlackElo "1608"]
[Annotator "NA"]
[PlyCount "81"]
[EventDate "2020.07.05"]
[EventType "team-tourn"]
[EventCountry "POL"]
[SourceTitle "playchess.com"]
[Source "ChessBase"]
[SourceQuality "1"]
[TimeControl "5400+30"]

1. e4 d5 2. exd5 Qxd5 3. Nc3 Qd6 4. g3 g6 5. Bg2 Bg7 6. Nge2 c5 7. d3 e5 8. Be3 f5 9. f4 Ne7 10. fxe5 Bxe5 11. Qd2 O-O 12. O-O a6 13. Bf4 Nbc6 14. Rae1 Bd7 15. b3 b5 16. a4 b4 17. Nd1 Nd5 18. Bxe5 Nxe5 19. Nf4 Bc6 20. Nxd5 Bxd5 21. Bxd5+ Qxd5 22. Qf4 Rae8 23. Ne3 Qd4 24. Kg2 Qxf4 25. gxf4 Nc6 26. Nd5 Kf7 27. Nc7 Rxe1 28. Rxe1 a5 29. Ne6 Rc8 30. Ng5+ Kg8 31. Re2 h6 32. Nf3 Nd4 33. Rd2 Nxf3 34. Kxf3 Kf7 35. Re2 g5 36. Re5 Kf6 37. Rd5 Ke6 38. Re5+ Kf6 39. Rd5 Ke6 40. Re5+ Kf6 41. Rd5 1/2-1/2

[Event "DMP-III LIGA Senior PK 2020"]
[Site "Bystre"]
[Date "2020.07.12"]
[Round "9.27"]
[White "Chowaniec, Artur"]
[Black "Klok, Kacper"]
[Result "0-1"]
[ECO "B33"]
[WhiteElo "1530"]
[BlackElo "1463"]
[Annotator "NA"]
[PlyCount "108"]
[EventDate "2020.07.05"]
[EventType "team-tourn"]
[EventCountry "POL"]
[SourceTitle "playchess.com"]
[Source "ChessBase"]
[SourceQuality "1"]
[TimeControl "5400+30"]

1. e4 c5 2. Nf3 Nc6 3. d4 cxd4 4. Nxd4 e5 5. Nb5 d6 6. N1c3 a6 7. Na3 Nf6 8. Bg5 Be6 9. Nd5 Bxd5 10. Bxf6 Qa5+ 11. c3 Bxe4 12. Bg5 f6 13. Be3 Qc7 14. f3 Bg6 15. Bc4 b5 16. Nxb5 axb5 17. Bxb5 Bf7 18. a4 Be7 19. b4 O-O 20. a5 Na7 21. c4 Bxc4 22. Bxc4+ Qxc4 23. Bd2 Nb5 24. Qe2 d5 25. Qxc4 dxc4 26. Rb1 c3 27. Be3 c2 28. Rb2 Nd4 29. O-O Rfb8 30. Bxd4 exd4 31. Rxc2 Bxb4 32. Rc7 Bxa5 33. Rd7 Bc3 34. Kf2 Ra2+ 35. Kg3 Rbb2 36. Kf4 Bd2+ 37. Ke4 Be3 38. g4 Rb8 39. h4 Re8+ 40. Kd5 Ra5+ 41. Kc6 Rae5 42. Rb1 R5e7 43. Rd5 Rc8+ 44. Kd6 Kf7 45. g5 Bf4+ 46. Re5 Bxe5+ 47. Kd5 Rd8+ 48. Ke4 Bg3+ 49. Kf5 Bxh4 50. f4 fxg5 51. fxg5 Rd5+ 52. Kg4 Bxg5 53. Rb6 d3 54. Ra6 d2 0-1

[Event "DMP-III LIGA Senior PK 2020"]
[Site "Bystre"]
[Date "2020.07.12"]
[Round "9.29"]
[White "Kielb, Miroslaw"]
[Black "Karas, Kacper"]
[Result "1-0"]
[ECO "B90"]
[WhiteElo "1394"]
[BlackElo "1150"]
[Annotator "NA RC"]
[PlyCount "131"]
[EventDate "2020.07.05"]
[EventType "team-tourn"]
[EventCountry "POL"]
[SourceTitle "playchess.com"]
[Source "ChessBase"]
[SourceQuality "1"]
[TimeControl "5400+30"]

1. e4 c5 2. Nf3 d6 3. d4 cxd4 4. Nxd4 Nf6 5. Nc3 a6 6. Bd3 e5 7. Nf3 Be6 8. Bg5 Nbd7 9. Nd5 Bxd5 10. Bxf6 Nxf6 11. exd5 Qa5+ 12. c3 Qxd5 13. O-O Be7 14. Re1 O-O 15. Qc2 Rac8 16. Rad1 Qc6 17. Ng5 h6 18. Ne4 d5 19. Nxf6+ Bxf6 20. Bf5 Rc7 21. Qb3 Rd8 22. f3 b5 23. Rd3 g6 24. Bh3 Qc5+ 25. Kf1 Qc4 26. Red1 d4 27. Ke1 a5 28. cxd4 exd4 29. g3 Re8+ 30. Kf2 Qxb3 31. axb3 Re5 32. Rxd4 Rh5 33. Rd6 Rc2+ 34. Ke3 Bg5+ 35. Kd3 Rxh2 36. Bg4 Be7 37. Rd7 Re5 38. f4 Rc5 39. Rxe7 Rd5+ 40. Ke3 Rxd1 41. Bxd1 Rxb2 42. Rb7 Rg2 43. Kf3 Rd2 44. Be2 a4 45. Rxb5 axb3 46. Rxb3 Rd7 47. Rd3 Ra7 48. g4 Kg7 49. Rd5 Re7 50. Bd3 Ra7 51. Ke4 Re7+ 52. Re5 Rd7 53. Bc4 f6 54. Re8 Rc7 55. Kd5 h5 56. g5 fxg5 57. fxg5 Ra7 58. Ke6 Ra5 59. Re7+ Kf8 60. Kf6 Rc5 61. Rf7+ Ke8 62. Be6 Kd8 63. Kxg6 Rc6 64. Kf6 Rb6 65. g6 Rb2 66. g7 1-0

[Event "DMP-III LIGA Senior PK 2020"]
[Site "Bystre"]
[Date "2020.07.12"]
[Round "9.30"]
[White "Uliasz, Katarzyna"]
[Black "Wolak, Julia"]
[Result "0-1"]
[ECO "B23"]
[WhiteElo "1386"]
[BlackElo "1516"]
[Annotator "NA"]
[PlyCount "60"]
[EventDate "2020.07.05"]
[EventType "team-tourn"]
[EventCountry "POL"]
[SourceTitle "playchess.com"]
[Source "ChessBase"]
[SourceQuality "1"]
[TimeControl "5400+30"]

1. e4 c5 2. Nc3 Nc6 3. f4 g6 4. Nf3 Bg7 5. Bc4 a6 6. d3 e6 7. O-O Nge7 8. Qe1 O-O 9. Bb3 d5 10. Ne2 Na5 11. c3 Nxb3 12. axb3 Nc6 13. Nd2 Qb6 14. Kh1 Na5 15. Ng3 f5 16. Qd1 dxe4 17. dxe4 Rd8 18. Qc2 e5 19. Nc4 Nxc4 20. bxc4 Be6 21. exf5 Bxc4 22. Re1 exf4 23. Bxf4 Bd3 24. Qf2 Rf8 25. Re6 Qb3 26. Ra3 Qc4 27. Bd6 Qxe6 28. Bxf8 Rxf8 29. Ra1 Bxf5 30. Qxc5 Qb3 0-1